 Dungeon Crawl Stone Soup version bcrawl-1.21.2-1-g32d02e0829 (webtiles) character file.

Game seed: 15720281990988081452

2842 Revguard the Covert (level 9, -2/68 HPs)
             Began as a Gnoll Archaeologist on Feb 25, 2020.
             Was a Believer of Zin.
             Slain by a hippogriff (3 damage)
             ... on level 7 of the Dungeon.
             The game lasted 00:29:06 (7587 turns).

Revguard the Covert (Gnoll Archaeologist)           Turns: 7587, Time: 00:29:06

Health: -2/68      AC: 16    Str: 23    XL:     9   Next: 74%
Magic:  15/15      EV: 16    Int: 25    God:    Zin [**....]
Gold:   574        SH: 11    Dex: 23    Spells: 12/16 levels left

rFire    . . .     SeeInvis .   w - +2 flail (crush)
rCold    . . .     Gourm    .   l - +0 shield
rNeg     . . .     Faith    .   r - +3 ring mail
rPois    ∞         Spirit   .   c - +1 hat
rElec    .         Reflect  .   (no cloak)
rCorr    .         Harm     .   (no gloves)
MR       .....                  d - +1 pair of boots
Stlth    ++++......             (no amulet)
HPRegen  0.21/turn              q - +4 ring of protection
MPRegen  0.14/turn              (no ring)

@: vitalised, reciting
A: distributed training, fangs 1, strong nose
a: Recite, Vitalisation, Donate Gold, Renounce Religion


You were on level 7 of the Dungeon.
You worshipped Zin.
Zin was pleased with you.
You were hungry.

You visited 2 branches of the dungeon, and saw 9 of its levels.

You collected 637 gold pieces.
You donated 63 gold pieces to Zin.

Inventory:

Hand Weapons
 j - a +5 dagger of electrocution
 w - a +2 flail of crushing (weapon)
Armour
 c - a +1 hat (worn)
 d - a +1 pair of boots (worn)
 l - a +0 shield (worn)
 r - a +3 ring mail (worn)
Jewellery
 q - a +4 ring of protection (left hand)
Wands
 b - a wand of flame (19)
 s - a wand of paralysis (13)
 v - a wand of acid (10)
Scrolls
 a - a scroll of enchant weapon {unknown}
 f - a scroll of fog {unknown}
 g - a scroll of magic mapping
 h - a scroll of teleportation
 k - 7 scrolls of remove curse
 m - a scroll of amnesia
 o - a scroll of fear {unknown}
 p - 8 scrolls of identify
 u - a scroll of noise {unknown}
Potions
 i - a potion of resistance
 n - a potion of haste
Comestibles
 e - 8 rations {!d}


   Skills:
 + Level 5.2 Fighting
 + Level 4.4 Short Blades
 + Level 4.4 Long Blades
 + Level 4.4 Axes
 + Level 5.2 Maces & Flails
 + Level 4.4 Polearms
 + Level 4.4 Staves
 + Level 4.4 Slings
 + Level 4.4 Bows
 + Level 4.4 Crossbows
 + Level 4.4 Throwing
 + Level 4.4 Armour
 + Level 8.0 Dodging
 + Level 8.0 Stealth
 + Level 4.4 Shields
 + Level 4.4 Unarmed Combat
 + Level 4.4 Spellcasting
 + Level 3.6 Conjurations
 + Level 3.6 Hexes
 + Level 3.6 Charms
 + Level 3.6 Summonings
 + Level 3.6 Necromancy
 + Level 3.6 Translocations
 + Level 3.6 Transmutations
 + Level 3.6 Fire Magic
 + Level 3.6 Ice Magic
 + Level 3.6 Air Magic
 + Level 3.6 Earth Magic
 + Level 3.6 Poison Magic
 + Level 4.9 Invocations
 + Level 4.4 Evocations


You had 12 spell levels left.
You knew the following spells:

 Your Spells              Type           Power        Failure   Level  Hunger
a - Sting                 Conj/Pois      ###.         12%         1    None
b - Mephitic Cloud        Conj/Pois/Air  ###.....     34%         3    ##.....

Your spell library contained the following spells:

 Spells                   Type           Power        Failure   Level  Hunger
 Beastly Appendage        Tmut           ###...       12%         1    None
 Flame Tongue             Conj/Fire      ###..        12%         1    None
 Magic Dart               Conj           ###.         12%         1    None
 Slow                     Hex            ###.....     12%         1    None
 Blink                    Tloc           N/A          19%         2    None
 Call Imp                 Summ           ###...       19%         2    None
 Conjure Flame            Conj/Fire      ###.....     34%         3    ##.....
 Spider Form              Tmut/Pois      ###          34%         3    ##.....


Dungeon Overview and Level Annotations

Branches:
Dungeon (8/12)             Temple (1/1) D:7
   Lair: D:7-9          Orc: D:8-11

Altars:
Ashenzari
Cheibriados
Dithmenos
Elyvilon
Fedhas
Gozag
Hepliaklqana
Kikubaaqudgha
Lugonu
Makhleb
Nemelex Xobeh
Okawaru
Qazlal
Ru
Sif Muna
Trog
Uskayaw
Vehumet
Wu Jian
Xom
Yredelemnul
Zin
The Shining One


Innate Abilities, Weirdness & Mutations

Your experience applies equally to all skills.
You have very sharp teeth.
Your uncanny sense of smell can sniff out nearby items.


Message History

The troll bites you but does no damage. You block the troll's attack.
The troll claws you but does no damage. The kobold misses you.
The hippogriff misses you. The hippogriff pecks you.
* * * LOW HITPOINT WARNING * * *
The hippogriff claws you but does no damage.
The kobold barely misses you.
You hit the troll.
The troll is almost dead.
The troll closely misses you. The troll misses you.
You block the troll's attack. The hippogriff bites you!
* * * LOW HITPOINT WARNING * * *
The hippogriff pecks you but does no damage.
The hippogriff claws you but does no damage.
The kobold closely misses you. The kobold completely misses you.
You clear your throat and prepare to recite. "The law of Zin demands thee..."
The troll bites you but does no damage. The troll claws you!
* * * LOW HITPOINT WARNING * * *
The troll closely misses you. The hippogriff bites you.
You die...

# ##.######.# #.####.#####.##.
######...# #.# #.# #.# #.##.
.........# #.# #.# #.#####.##.
.#####...# #.# #.####..........
.# ##.## #.###.......####.### .#
#.# #..........####..# # .# #.#
#####.###........###
.######.#########K..........#...(
..............KH@Ky###.###..#####
.################T......[.).## .#
##########.###..###.#.## # .#
#..........# #..# #.##.### .#
#.########.# #..###.###...
.#######.# #.# #......# #..#
......##.# #.# #.####.# #..#
#####.##.# #.# #.# #.# #...
#.##.# #.###.####.# ##.(


You could see a hippogriff, a troll, a big kobold (dazed), a killer bee and 2
kobolds.

Vanquished Creatures
  2 centaur skeletons
  A troll (D:7)
  Edmund (D:5)
  2 sky beasts
  2 orc warriors (D:7)
  An ice beast (D:3)
  5 ogres
  A centaur (D:4)
  A bullfrog (D:4)
  A wyvern skeleton (D:6)
  2 scorpions
  A howler monkey (D:4)
  3 crimson imps
  A quasit (D:5)
  2 hounds
  A jelly (D:5)
  3 orc priests
  A bullfrog skeleton (D:6)
  5 orc wizards
  An iguana (D:7)
  Terence (D:2)
  6 worker ants
  4 hound skeletons
  A worker ant zombie (D:6)
  9 adders
  5 shadow imps
  An ooze (D:1)
  2 adder skeletons
  6 worms
  5 dart slugs
  5 leopard geckos
  24 orcs
  A bat (D:3)
  2 giant cockroaches
  2 goblins (D:1)
  10 hobgoblins
  17 jackals
  5 kobolds
  2 ball pythons (D:3)
  4 frilled lizards
  5 rats
  4 fungi (D:5)
158 creatures vanquished.

Vanquished Creatures (others)
  An adder (D:4)
  An orc (D:4)
  A quokka (D:4)
3 creatures vanquished.

Grand Total: 161 creatures vanquished

Notes
Turn   | Place    | Note
-------+----------+-------------------------------------------
     0 | D:1      | Revguard the Gnoll Archaeologist began the quest for the
                  | Orb.
     0 | D:1      | Reached XP level 1. HP: 17/17 MP: 1/1
   189 | D:1      | Reached XP level 2. HP: 23/23 MP: 2/2
   432 | D:1      | Reached XP level 3. HP: 27/28 MP: 3/3
   941 | D:2      | Noticed Terence
   964 | D:2      | Killed Terence
   964 | D:2      | Reached skill level 1 in Invocations
  1080 | D:2      | Reached skill level 1 in Short Blades
  1080 | D:2      | Reached skill level 1 in Long Blades
  1080 | D:2      | Reached skill level 1 in Axes
  1080 | D:2      | Reached skill level 1 in Polearms
  1080 | D:2      | Reached skill level 1 in Staves
  1080 | D:2      | Reached skill level 1 in Slings
  1080 | D:2      | Reached skill level 1 in Bows
  1080 | D:2      | Reached skill level 1 in Crossbows
  1080 | D:2      | Reached skill level 1 in Throwing
  1080 | D:2      | Reached skill level 1 in Armour
  1080 | D:2      | Reached skill level 1 in Shields
  1080 | D:2      | Reached skill level 1 in Unarmed Combat
  1080 | D:2      | Reached skill level 1 in Spellcasting
  1080 | D:2      | Reached skill level 1 in Evocations
  1179 | D:2      | Reached XP level 4. HP: 34/34 MP: 5/5
  1632 | D:3      | Noticed an ice beast
  1673 | D:3      | Killed an ice beast
  1673 | D:3      | Reached skill level 1 in Conjurations
  1673 | D:3      | Reached skill level 1 in Hexes
  1673 | D:3      | Reached skill level 1 in Charms
  1673 | D:3      | Reached skill level 1 in Summonings
  1673 | D:3      | Reached skill level 1 in Necromancy
  1673 | D:3      | Reached skill level 1 in Translocations
  1673 | D:3      | Reached skill level 1 in Transmutations
  1673 | D:3      | Reached skill level 1 in Fire Magic
  1673 | D:3      | Reached skill level 1 in Ice Magic
  1673 | D:3      | Reached skill level 1 in Air Magic
  1673 | D:3      | Reached skill level 1 in Earth Magic
  1673 | D:3      | Reached skill level 1 in Poison Magic
  1673 | D:3      | Reached XP level 5. HP: 15/40 MP: 5/7
  1673 | D:3      | Identified a scroll of acquirement
  1674 | D:3      | Identified the ring of Giebb {Ice MP+9 Str+6 Dex-4} (You
                  | acquired it on level 3 of the Dungeon)
  1674 | D:3      | Identified Thaumaturgy for Novices (You acquired it on
                  | level 3 of the Dungeon)
  1680 | D:3      | Learned a level 1 spell: Sting
  2436 | D:3      | Noticed an ogre
  2454 | D:3      | Killed an ogre
  2454 | D:3      | Reached XP level 6. HP: 47/47 MP: 4/8
  2773 | D:3      | HP: 1/47 [orc priest/nerve-wracking pain (9)]
  2781 | D:3      | HP: 1/47 [kobold/stone (1)]
  2967 | D:3      | Learned a level 3 spell: Mephitic Cloud
  3055 | D:3      | Found a hazy altar of Hepliaklqana.
  3062 | D:3      | Found a sacrificial altar of Ru.
  3516 | D:4      | Found a shimmering altar of Xom.
  3875 | D:4      | Reached XP level 7. HP: 52/52 MP: 7/10
  4454 | D:4      | Reached XP level 8. HP: 60/60 MP: 12/12
  4667 | D:5      | Entered Level 5 of the Dungeon
  4734 | D:5      | Noticed Edmund
  4774 | D:5      | Killed Edmund
  5269 | D:6      | Reached XP level 9. HP: 60/66 MP: 14/14
  6387 | D:7      | Noticed a troll
  6398 | D:7      | Killed a troll
  6453 | D:7      | Found a staircase to the Ecumenical Temple.
  6463 | D:7      | Reached skill level 5 in Fighting
  6463 | D:7      | Reached skill level 5 in Maces & Flails
  6497 | Temple   | Entered the Ecumenical Temple
  6571 | Temple   | Became a worshipper of Zin the Law-Giver
  6571 | Temple   | Reached * piety under Zin
  6571 | Temple   | Reached ** piety under Zin
  7568 | D:8      | Noticed a troll
  7587 | D:7      | HP: 1/68 [troll (9)]
  7587 | D:7      | Slain by a hippogriff

Skill      XL: |  1  2  3  4  5  6  7  8  9 |
---------------+----------------------------+-----
Invocations    | 1 2 3 4 |  4.9
Short Blades   | 1 2 3 4 |  4.4
Long Blades    | 1 2 3 4 |  4.4
Axes           | 1 2 3 4 |  4.4
Polearms       | 1 2 3 4 |  4.4
Staves         | 1 2 3 4 |  4.4
Slings         | 1 2 3 4 |  4.4
Bows           | 1 2 3 4 |  4.4
Crossbows      | 1 2 3 4 |  4.4
Throwing       | 1 2 3 4 |  4.4
Armour         | 1 2 3 4 |  4.4
Shields        | 1 2 3 4 |  4.4
Unarmed Combat | 1 2 3 4 |  4.4
Spellcasting   | 1 2 3 4 |  4.4
Evocations     | 1 2 3 4 |  4.4
Conjurations   | 1 2 3 |  3.6
Hexes          | 1 2 3 |  3.6
Charms         | 1 2 3 |  3.6
Summonings     | 1 2 3 |  3.6
Necromancy     | 1 2 3 |  3.6
Translocations | 1 2 3 |  3.6
Transmutations | 1 2 3 |  3.6
Fire Magic     | 1 2 3 |  3.6
Ice Magic      | 1 2 3 |  3.6
Air Magic      | 1 2 3 |  3.6
Earth Magic    | 1 2 3 |  3.6
Poison Magic   | 1 2 3 |  3.6
Fighting       | 3 4 5 |  5.2
Maces & Flails | 3 4 5 |  5.2
Dodging        | 7 8 |  8.0
Stealth        | 7 8 |  8.0

Action                   |  1- 3 |  4- 6 |  7- 9 || total
-------------------------+-------+-------+-------++-------
Melee: Whip              |   110 |    42 |       ||   152
       Bite              |    12 |    24 |    35 ||    71
       Club              |       |   100 |       ||   100
       Mace              |       |    97 |     1 ||    98
       Punch             |       |     1 |     4 ||     5
       Dagger            |       |       |   175 ||   175
       Flail             |       |       |   189 ||   189
 Cast: Sting             |       |    29 |     6 ||    35
Invok: Recite            |       |       |     4 ||     4
       Vitalisation      |       |       |     1 ||     1
  Use: Scroll            |       |     6 |     2 ||     8
       Potion            |       |     7 |     4 ||    11
 Stab: Sleeping          |     7 |     3 |    10 ||    20
  Eat: Chunk             |     1 |     5 |    13 ||    19
       Ration            |       |     1 |       ||     1
Armor: Robe              |    14 |       |       ||    14
       Scale mail        |     1 |   139 |    42 ||   182
       Ring mail         |       |       |   112 ||   112
Dodge: Dodged            |    79 |   181 |   269 ||   529
Block: Shield            |       |       |   109 ||   109
